[Event "Team 45 45 League T33"]
[Site "Internet Chess Club"]
[Date "2007.05.20"]
[Round "5"]
[White "NoiselessBear"]
[Black "Zornorph"]
[Result "1/2-1/2"]
[WhiteElo "1801"]
[BlackElo "1946"]
[ECO "D02"]
[TimeControl "2700+45"]

1. d4 d5 2. Nf3 c6 3. g3 Nf6 4. Bg2 Bg4 5. Ne5 Bh5 6. O-O Nbd7 7. Nd3 e6 8. Nd2
Bd6 9. Nf3 O-O 10. Bg5 Qb6 11. Bxf6 Nxf6 12. c3 Bxf3 13. exf3 Rac8 14. b4 a5 15.
a3 axb4 16. axb4 Ra8 17. Re1 Qc7 18. f4 Nd7 19. Bh3 Nb6 20. Re2 Rxa1 21. Qxa1
Ra8 22. Ra2 Rxa2 23. Qxa2 g6 24. Kf1 Qb8 25. Ke1 Nc4 26. Bf1 Be7 27. Ne5 Nd6 28.
f3 Nf5 29. Qa5 f6 30. Nd3 b6 31. Qa6 Bd6 32. Bh3 Kf7 33. Kd2 h5 34. Bxf5 exf5
35. b5 c5 36. dxc5 bxc5 37. b6 Ke6 38. Qa7 Qf8 39. b7 d4 40. cxd4 cxd4 41. Qxd4
Kd7 42. Qa4+ Kc7 43. Qa8 Qb8 44. Kc3 Qxb7 45. Qxb7+ Kxb7 46. Kc4 Kc6 47. Kd4 Ba3
48. Kc4 Kd6 49. Kd4 Kc6 50. Kc4 Bd6 51. Kd4 Be7 52. Kc4 {Game drawn by mutual
agreement} 1/2-1/2

[Event "Team 45 45 League T33"]
[Site "Internet Chess Club"]
[Date "2007.05.20"]
[Round "5"]
[White "kabindra"]
[Black "room-matt"]
[Result "1-0"]
[WhiteElo "1851"]
[BlackElo "1831"]
[ECO "C55"]
[TimeControl "2700+45"]

1. e4 e5 2. Nf3 Nc6 3. d4 exd4 4. Bc4 Nf6 5. e5 Ng4 6. Bxf7+ Kxf7 7. Ng5+ Kg8 8.
Qxg4 Bc5 9. Qe4 Qe7 10. Qd5+ Kf8 11. O-O Nxe5 12. Re1 d6 13. f4 c6 14. Qb3 h6
15. Nh7+ Rxh7 16. fxe5 d3+ 17. Kh1 Bf5 18. cxd3 dxe5 19. Bf4 Bd4 20. Nc3 Rd8 21.
Bg3 Be6 22. Qc2 g6 23. Bxe5 Rf7 24. Bxd4 Rxd4 25. Qd2 Kg7 26. Qe3 Rd6 27. Ne4
Rd5 28. Qxa7 Rxd3 29. Nc5 Rd6 30. Qa3 Kh7 31. Qe3 b6 32. Nxe6 Rxe6 33. Qxe6 Rf1+
34. Rxf1 Qxe6 35. h3 h5 36. a3 Kh6 37. Rae1 Qb3 38. Rf2 c5 39. Rfe2 b5 40. Kg1
Qg3 41. Re3 Qf4 42. R1e2 g5 43. g3 Qd4 44. Kh2 Kg6 45. Re6+ Kf5 46. Rb6 Qd3 47.
Rf2+ Ke4 48. Rbf6 Ke5 49. Rf8 Qg6 50. Re2+ Kd5 51. Rd8+ Kc4 52. Rde8 Kb3 53.
R8e3+ Kc4 54. Rc3+ Kd5 55. Rd2+ Kc6 56. Rdc2 c4 57. b3 Qe4 58. bxc4 g4 59. cxb5+
Kxb5 60. h4 Qe8 61. Rb2+ Ka5 62. Rc7 Ka6 63. Rc5 Qf7 64. Rc1 Qe8 65. Rcb1 Qe6
66. Rb6+ Qxb6 67. Rxb6+ Kxb6 68. Kg2 Kc5 69. Kf2 Kd4 70. a4 {Black resigns} 1-0

[Event "Team 45 45 League T33"]
[Site "Internet Chess Club"]
[Date "2007.05.20"]
[Round "5"]
[White "burnsja2003"]
[Black "jaybird"]
[Result "1-0"]
[WhiteElo "1779"]
[BlackElo "1682"]
[ECO "E93"]
[TimeControl "2700+45"]

1. d4 Nf6 2. c4 g6 3. Nc3 Bg7 4. e4 d6 5. Nf3 O-O 6. Be2 e5 7. d5 Nbd7 8. Bg5 h6
9. Bxf6 Nxf6 10. O-O Nh7 11. Ne1 f5 12. f3 f4 13. Nd3 Qg5 14. Kh1 Bd7 15. c5 Qe7
16. cxd6 cxd6 17. Rc1 Rac8 18. Nf2 h5 19. Bb5 a6 20. Bxd7 Qxd7 21. b3 b5 22. Qd2
Nf6 23. Nb1 g5 24. Rxc8 Rxc8 25. Rc1 g4 26. Rxc8+ Qxc8 27. Qc3 Qxc3 28. Nxc3 g3
29. Nd3 h4 30. h3 Nd7 31. a4 bxa4 32. Nxa4 Bf8 33. Kg1 Kf7 34. Nb4 Nc5 35. Nxc5
dxc5 36. Nxa6 Bd6 37. Kf1 Ke7 38. Ke2 Kd7 39. Kd3 Kc8 40. Kc4 Kb7 41. Nxc5+ Kb6
42. Nd7+ Kc7 43. Nf6 Be7 44. Ng8 Bg5 45. Kc5 Kd7 46. d6 Bd8 47. b4 Kc8 48. Kc6
Bc7 49. Ne7+ Kb8 50. dxc7+ Ka7 51. b5 {Black resigns} 1-0

[Event "Team 45 45 League T33"]
[Site "Internet Chess Club"]
[Date "2007.05.16"]
[Round "5"]
[White "tammany"]
[Black "RingLord"]
[Result "1-0"]
[WhiteElo "1657"]
[BlackElo "1554"]
[ECO "B81"]
[TimeControl "2700+45"]

1. e4 c5 2. Nf3 e6 3. d4 cxd4 4. Nxd4 Nf6 5. Nc3 d6 6. g4 h6 7. Be3 Nc6 8. Be2
a6 9. Qd2 Be7 10. O-O-O O-O 11. Nxc6 bxc6 12. g5 hxg5 13. Bxg5 d5 14. e5 Nd7 15.
Bxe7 Qxe7 16. f4 c5 17. Rhg1 f6 18. Rg3 fxe5 19. fxe5 Qh4 20. Nxd5 Nxe5 21. Nb6
Rb8 22. Nxc8 Rbxc8 23. Rdg1 Rf7 24. Qe3 Nc4 25. Qxe6 Qf4+ 26. Kb1 Na3+ 27. Rxa3
Qf5 28. Bc4 Qxe6 29. Bxe6 Rc6 30. Bxf7+ Kxf7 31. Rf3+ {Black resigns} 1-0

[Event "Team 45 45 League T33"]
[Site "Internet Chess Club"]
[Date "2007.05.20"]
[Round "5"]
[White "markgravitygood"]
[Black "Karpyan"]
[Result "1-0"]
[WhiteElo "1829"]
[BlackElo "1830"]
[ECO "C00"]
[TimeControl "2700+45"]

1. e4 e6 2. d3 d5 3. Nd2 Nf6 4. Ngf3 c5 5. g3 Nc6 6. Bg2 Be7 7. O-O O-O 8. Re1
b5 9. e5 Nd7 10. c3 a5 11. Nf1 b4 12. Qc2 a4 13. Bf4 a3 14. h4 axb2 15. Qxb2 Ba6
16. c4 dxc4 17. dxc4 Nb6 18. N3d2 Qc7 19. Be4 Rad8 20. Ne3 Nd4 21. Qb1 h6 22.
Qd1 Bb7 23. Qh5 Bxe4 24. Nxe4 Qb7 25. Ng4 Nc2 26. Nxh6+ gxh6 27. Nf6+ Bxf6 28.
exf6 {Black resigns} 1-0

[Event "Team 45 45 League T33"]
[Site "Internet Chess Club"]
[Date "2007.05.21"]
[Round "5"]
[White "Bombo"]
[Black "GrandPoobah069"]
[Result "1-0"]
[WhiteElo "1837"]
[BlackElo "1663"]
[ECO "A37"]
[TimeControl "2700+45"]

1. Nf3 c5 2. c4 Nc6 3. g3 g6 4. Nc3 Bg7 5. Bg2 f5 6. O-O Nf6 7. Rb1 O-O 8. a3 a5
9. b3 e6 10. e3 e5 11. d3 d6 12. Qc2 Be6 13. Rd1 Qd7 14. Ng5 h6 15. Nxe6 Qxe6
16. Bb2 Rfd8 17. Re1 Rd7 18. Nd5 Rad8 19. Rbd1 Ne7 20. Nc3 d5 21. cxd5 Nfxd5 22.
Nxd5 Nxd5 23. Qxc5 b6 24. Qc2 Rc7 25. Bxd5 Rxc2 26. Bxe6+ Kf8 27. Ba1 Rc6 28.
Bc4 Rcd6 29. a4 Ke7 30. Bb2 Kf6 31. f4 Rd5 {Black resigns} 1-0

[Event "Team 45 45 League T33"]
[Site "Internet Chess Club"]
[Date "2007.05.19"]
[Round "5"]
[White "charles-allen"]
[Black "McKnights"]
[Result "1-0"]
[WhiteElo "1688"]
[BlackElo "1815"]
[ECO "B01"]
[TimeControl "2700+45"]

1. e4 d5 2. d4 dxe4 3. Nc3 Nf6 4. f3 e5 5. dxe5 Qxd1+ 6. Kxd1 Nfd7 7. Nd5 Kd8 8.
Bg5+ f6 9. exf6 gxf6 10. Nxf6 Be7 11. Nxe4 Bxg5 12. Nxg5 Ke7 13. Kd2 Kf6 14.
Ne4+ Kg7 15. Rd1 Nf6 16. Nxf6 Kxf6 17. Bd3 Be6 18. Ne2 Nc6 19. Nf4 Bxa2 20. b3
Rad8 21. Kc3 a5 22. Ne2 Rhg8 23. g3 Nb4 24. Nc1 Rg5 25. Kb2 Bxb3 26. Kxb3 Rgd5
27. Be2 b5 28. Rxd5 Rxd5 29. Rd1 Rc5 30. c4 bxc4+ 31. Bxc4 Nc2 32. Rd5 a4+ 33.
Kc3 Rxd5 34. Bxd5 Ne3 35. Be4 Nf1 36. Bxh7 Nxh2 37. f4 c5 38. Bd3 Ng4 39. Kc4
Nf2 40. Kxc5 a3 41. Kc4 Ke6 42. Kb3 Ng4 43. Kxa3 Kd5 44. Ne2 Ne3 45. Kb4 Kd6 46.
Be4 Nf1 47. g4 Nh2 48. g5 Ng4 49. Nd4 Nf2 50. Nb5+ Ke6 51. Bg6 Nh3 52. Nd4+ Ke7
53. Ne2 Kf8 54. Kc5 Kg7 55. Bc2 Nf2 56. Kd6 Ng4 57. Ke6 Ne3 58. Nd4 Ng2 59. f5
Nf4+ 60. Ke5 Nh5 61. f6+ Kf7 62. Nf5 Kf8 63. Bd1 Ng7 64. Nxg7 Kf7 65. Bh5+ Kf8
66. g6 Kg8 67. Nf5 Kf8 68. Nh6 Ke8 69. g7+ {Black resigns} 1-0

[Event "Team 45 45 League T33"]
[Site "Internet Chess Club"]
[Date "2007.05.18"]
[Round "5"]
[White "Aarick"]
[Black "BraafPaard"]
[Result "1-0"]
[WhiteElo "1732"]
[BlackElo "1576"]
[ECO "C55"]
[TimeControl "2700+45"]

1. e4 e5 2. Nf3 Nc6 3. Bc4 Nf6 4. d3 d5 5. exd5 Nxd5 6. O-O Be7 7. Re1 Qd6 8.
Nbd2 Bg4 9. h3 Bh5 10. Ne4 Qd7 11. Ng3 Bxf3 12. Qxf3 Nf6 13. Nf5 g6 14. Nxe7
Qxe7 15. Bg5 Nd4 16. Qxf6 Qxf6 17. Bxf6 {Black resigns} 1-0

[Event "Team 45 45 League T33"]
[Site "Internet Chess Club"]
[Date "2007.05.20"]
[Round "5"]
[White "StrayLite"]
[Black "cascarillo"]
[Result "1/2-1/2"]
[WhiteElo "1943"]
[BlackElo "2068"]
[ECO "B23"]
[TimeControl "2700+45"]

1. e4 c5 2. Nc3 d6 3. f4 Nc6 4. Nf3 g6 5. Bb5 Bg7 6. O-O e6 7. Bxc6+ bxc6 8. d3
Rb8 9. Qe1 Ne7 10. e5 Nf5 11. Ne4 d5 12. Nxc5 Qb6 13. Qf2 Bf8 14. Nb3 Qxf2+ 15.
Kxf2 h5 16. g3 c5 17. h3 c4 18. dxc4 Ba6 19. Rd1 Bxc4 20. g4 Bxb3 21. axb3 Bc5+
22. Kg2 hxg4 23. hxg4 Ne3+ 24. Bxe3 Bxe3 25. Rd3 Bxf4 26. Rxa7 O-O 27. Rc3 Rfc8
28. Rxc8+ Rxc8 29. c3 Bc1 30. Ra2 Rb8 31. b4 Rc8 32. Kg3 g5 33. Kh3 Kg7 34. Ne1
f6 35. Nd3 Bf4 36. exf6+ Kxf6 37. Kg2 Rh8 38. Ra6 Rh2+ 39. Kf3 Rh3+ 40. Ke2 Rh2+
41. Kf3 Rh3+ 42. Ke2 Re3+ 43. Kd2 Rg3+ 44. Kc2 Rg2+ 45. Kb3 Ke7 46. Nc5 Re2 47.
b5 e5 48. b6 e4 49. b7 e3 50. Ra8 Rd2 51. b8=Q Bxb8 52. Rxb8 e2 53. Rb7+ Kd6 54.
Rb6+ Kxc5 55. Re6 d4 56. Re5+ Kd6 57. cxd4 Rxd4 58. Rxe2 Rxg4 59. Kc3 {Game
drawn by mutual agreement} 1/2-1/2

[Event "Team 45 45 League T33"]
[Site "Internet Chess Club"]
[Date "2007.05.17"]
[Round "5"]
[White "Amauta"]
[Black "siddhu"]
[Result "1-0"]
[WhiteElo "1975"]
[BlackElo "1839"]
[ECO "C47"]
[TimeControl "2700+45"]

1. e4 e5 2. Nf3 Nf6 3. Nc3 Nc6 4. Bc4 Nxe4 5. Nxe4 d5 6. Bd3 dxe4 7. Bxe4 Bd7 8.
O-O Bd6 9. Qe2 O-O 10. d3 h6 11. Bd2 Qe8 12. Bc3 Qe6 13. Qe3 Rfe8 14. Rfe1 f6
15. d4 exd4 16. Qd3 Be5 17. Nxd4 Qd6 18. Qc4+ Kh8 19. Nf3 Be6 20. Bxe5 Bxc4 21.
Bxd6 cxd6 22. b3 Bf7 23. Rad1 Rad8 24. a3 d5 25. Bf5 Rxe1+ 26. Rxe1 Re8 27.
Rxe8+ Bxe8 28. c3 Ne7 29. Be6 g6 30. Kf1 Kg7 31. Ke2 Bf7 32. Bd7 Nc6 33. Ke3 Ne5
34. Bc8 b6 35. Nd4 f5 36. h3 Be8 37. Be6 Bf7 38. f4 Bxe6 39. Nxe6+ Kf6 40. Nc7
Nc6 41. Nxd5+ Ke6 42. Nc7+ Kd7 43. Nb5 a6 44. Nd4 Ne7 45. c4 Ng8 46. b4 Kd6 47.
a4 Nf6 48. Nb3 Ne4 49. a5 bxa5 50. Nxa5 Nc3 51. Kd4 Ne2+ 52. Ke3 Nc3 53. Nb7+
Kc7 54. Nc5 a5 55. bxa5 Kc6 56. Ne6 Ne4 57. Kd4 Nd6 58. h4 Nb7 59. a6 Nd6 60.
Nd8+ Kc7 61. a7 {Black resigns} 1-0

[Event "Team 45 45 League T33"]
[Site "Internet Chess Club"]
[Date "2007.05.17"]
[Round "5"]
[White "BrerRabbit"]
[Black "OnFire"]
[Result "1/2-1/2"]
[WhiteElo "1539"]
[BlackElo "1702"]
[ECO "D30"]
[TimeControl "2700+45"]

1. d4 d5 2. c4 e6 3. Nf3 Nf6 4. Bg5 Nbd7 5. e3 h6 6. Bh4 c6 7. Nc3 Bb4 8. Bd3
Qa5 9. Qc2 dxc4 10. Bxc4 b5 11. Bb3 c5 12. a3 c4 13. Ba2 Bxc3+ 14. Qxc3 Qxc3+
15. bxc3 Nd5 16. Rc1 N7b6 17. Kd2 Bb7 18. Bb1 g5 19. Bg3 Ne7 20. Ne1 Nf5 21. f3
Nxg3 22. hxg3 Ke7 23. g4 Rad8 24. e4 Nd7 25. Ke3 f6 26. Nc2 Nb6 27. Nb4 a5 28.
Na2 Kf7 29. Bc2 Bc6 30. Rb1 Rb8 31. Nc1 Nc8 32. Ne2 Ne7 33. Ng3 Ng6 34. Ne2 Ne7
35. Ng3 Ng6 36. Ne2 Ne7 {Game drawn by repetition} 1/2-1/2

[Event "Team 45 45 League T33"]
[Site "Internet Chess Club"]
[Date "2007.05.20"]
[Round "5"]
[White "NFork"]
[Black "Guinness"]
[Result "1/2-1/2"]
[WhiteElo "2244"]
[BlackElo "2303"]
[ECO "A10"]
[TimeControl "2700+45"]

1. c4 b6 2. Nc3 e6 3. Nf3 Bb7 4. e3 f5 5. Be2 Nf6 6. O-O Be7 7. a3 O-O 8. b4 a5
9. b5 Qe8 10. Nd4 Qg6 11. Bf3 Ne4 12. Nde2 e5 13. Bxe4 fxe4 14. Qc2 c6 15. bxc6
Bxc6 16. Nd5 Bxd5 17. cxd5 Na6 18. Nc3 Nc5 19. a4 Nd3 20. Ba3 Bxa3 21. Rxa3 Rac8
22. Qb1 Nc5 23. f3 Qf7 24. fxe4 Qe7 25. Rxf8+ Rxf8 26. Ra1 Qh4 27. g3 Qg4 28.
Qd1 Qg6 29. d3 Qf6 30. Qe2 Nxd3 {Game drawn by mutual agreement} 1/2-1/2

[Event "Team 45 45 League T33"]
[Site "Internet Chess Club"]
[Date "2007.05.21"]
[Round "5"]
[White "The7thGuest"]
[Black "onslaught"]
[Result "1/2-1/2"]
[WhiteElo "2140"]
[BlackElo "2179"]
[ECO "C12"]
[TimeControl "2700+45"]

1. Nc3 d5 2. d4 Nf6 3. e4 e6 4. Bg5 Bb4 5. e5 h6 6. Bd2 Bxc3 7. bxc3 Ne4 8. Qg4
g6 9. Bd3 Nxd2 10. Kxd2 c5 11. h4 Bd7 12. Nf3 Qe7 13. Qf4 c4 14. Be2 Bc6 15. Nh2
Nd7 16. Ng4 O-O-O 17. Nxh6 Rdf8 18. Qg5 f6 19. exf6 Nxf6 20. f3 Qg7 21. Ng4 Nxg4
22. Qxg4 Bd7 23. Qg5 Rh5 24. Qe3 Rfh8 25. g3 g5 26. f4 gxf4 27. Qxf4 e5 {Game
drawn by mutual agreement} 1/2-1/2

[Event "Team 45 45 League T33"]
[Site "Internet Chess Club"]
[Date "2007.05.21"]
[Round "5"]
[White "fledermaus"]
[Black "Gil-galad"]
[Result "0-1"]
[WhiteElo "1926"]
[BlackElo "2058"]
[ECO "E94"]
[TimeControl "2700+45"]

1. d4 Nf6 2. c4 g6 3. Nc3 Bg7 4. e4 d6 5. Nf3 O-O 6. Be2 e5 7. O-O Na6 8. Be3
Ng4 9. Bg5 Qe8 10. dxe5 dxe5 11. h3 h6 12. Bc1 Nf6 13. a3 c6 14. Qc2 Nh5 15. Rd1
Be6 16. Be3 Qe7 17. Rd2 Nf4 18. Bf1 Nc7 19. Kh2 b6 20. b4 Rfd8 21. Rad1 g5 22.
g3 Ng6 23. Rxd8+ Rxd8 24. Nd2 Qe8 25. c5 b5 26. a4 a6 27. Ra1 Ra8 28. Nb3 Bd7
29. axb5 axb5 30. Rxa8 Qxa8 31. Na5 Na6 32. Qb2 Ne7 33. Be2 Qc8 34. Bf1 Be6 35.
Ne2 Qd7 36. Qd2 Nxb4 37. Qxb4 Qd1 38. Qd2 Qxf1 39. Ng1 Qb1 40. h4 gxh4 41. Qd8+
Bf8 42. Bxh6 hxg3+ 43. Kxg3 Qxg1+ 44. Kf3 Qh1+ {White resigns} 0-1

[Event "Team 45 45 League T33"]
[Site "Internet Chess Club"]
[Date "2007.05.20"]
[Round "5"]
[White "rindetecallaham"]
[Black "VentasD"]
[Result "1/2-1/2"]
[WhiteElo "2299"]
[BlackElo "2208"]
[ECO "E21"]
[TimeControl "2700+45"]

1. d4 Nf6 2. c4 e6 3. Nc3 Bb4 4. Nf3 O-O 5. Bg5 d5 6. Qb3 Bxc3+ 7. Qxc3 c6 8. e3
Ne4 9. Bxd8 Nxc3 10. Bh4 Ne4 11. Bd3 f5 12. Rc1 Nd7 13. O-O h6 14. Bg3 Nxg3 15.
hxg3 Nf6 16. Ne5 Nd7 17. Ng6 Rf6 18. Nh4 Nf8 19. c5 g5 20. Nf3 g4 21. Nh4 Ng6
22. Nxg6 Rxg6 23. Rfd1 Bd7 24. Kf1 Kg7 25. Ke2 Rh8 26. Rc3 Rg5 27. Rh1 Kg6 28.
Rh4 Kg7 29. Bc2 Rb8 30. Ra3 Ra8 31. Rb3 Rb8 32. Bd3 Bc8 33. Ra3 Ra8 34. Kd2 Rg6
35. Rc3 Rg5 36. Rc1 Bd7 37. a4 a5 38. Rch1 Rh8 39. Kc3 Rg6 40. Rh5 Ra8 41. Kd2
Ra7 42. Kc2 Be8 43. R5h2 Rf6 44. Kd2 h5 45. Rh4 Bg6 46. Ra1 Rf8 47. Rhh1 Rc8 48.
Rab1 Be8 49. b4 axb4 50. Rxb4 Rc7 51. Kc3 Kg6 52. Ra1 Bd7 53. Rab1 Bc8 54. f4
Ra5 55. Kd2 Rh7 56. Rh1 Rc7 57. Bc2 Rh7 58. Ke2 Rc7 59. Rb6 Rh7 60. Kd2 Ra7 61.
Rbb1 Rh8 62. Rb4 Rh7 63. Rb6 Rh8 64. Ke2 Rh7 65. Rb4 Ra5 66. Bd3 Rh6 67. Kd2 Rh7
68. Kd1 {Game drawn by mutual agreement} 1/2-1/2

[Event "Team 45 45 League T33"]
[Site "Internet Chess Club"]
[Date "2007.05.19"]
[Round "5"]
[White "gorgon"]
[Black "DTK"]
[Result "0-1"]
[WhiteElo "2138"]
[BlackElo "2200"]
[ECO "A58"]
[TimeControl "2700+45"]

1. d4 Nf6 2. c4 c5 3. d5 b5 4. cxb5 a6 5. bxa6 g6 6. Nc3 Bxa6 7. g3 d6 8. Bg2
Bg7 9. Nf3 Nbd7 10. Rb1 O-O 11. O-O Bb7 12. b4 Qc7 13. Qd2 Rfb8 14. Rd1 Nb6 15.
e4 Bc8 16. bxc5 Qxc5 17. Nd4 Nc4 18. Rxb8 Rxb8 19. Qd3 Ne5 20. Qd2 Bg4 21. Re1
Nc4 22. Qd3 Nxd5 23. Nxd5 Bxd4 24. Rf1 Ne5 25. Qa6 Bxf2+ 26. Rxf2 Qxc1+ 27. Rf1
Qc5+ 28. Kh1 Kf8 29. a4 Rb2 30. Qa8+ Kg7 31. Nxe7 Qc2 32. Qg8+ Kh6 33. Qf8+ Kh5
34. Rg1 Qxg2+ {White resigns} 0-1

[Event "Team 45 45 League T33"]
[Site "Internet Chess Club"]
[Date "2007.05.22"]
[Round "5"]
[White "AMAV"]
[Black "baumhauer"]
[Result "0-1"]
[WhiteElo "2100"]
[BlackElo "2013"]
[ECO "A46"]
[TimeControl "2700+45"]

1. d4 Nf6 2. Nf3 e6 3. e3 b6 4. Bd3 c5 5. O-O Ba6 6. Bxa6 Nxa6 7. c4 Nc7 8. Nc3
d6 9. d5 e5 10. e4 Qd7 11. Nh4 g6 12. f4 exf4 13. Bxf4 Nh5 14. Bg5 Bg7 15. g4
Bd4+ 16. Kh1 h6 17. Bd2 Nf6 18. g5 Qh3 19. gxf6 Qxh4 20. Bf4 O-O-O 21. Bg3 Qh3
22. Qa4 Kb8 23. Ne2 Qg4 24. Qc2 Be5 25. Bxe5 dxe5 26. b4 cxb4 27. Ng3 Na6 28. a3
b3 29. Qxb3 Nc5 30. Qe3 h5 31. Rab1 Ka8 32. Rfe1 h4 33. Nf1 Rd6 34. h3 Qd7 35.
Nd2 Rxf6 36. Nb3 Rc8 37. Nxc5 Rxc5 38. Rbc1 Rf4 39. Rc3 g5 40. Qe2 Qc8 41. a4
Qd7 42. Qh5 Rxc4 43. Qh8+ Kb7 44. Qxe5 Rxc3 45. Qxc3 Qxa4 46. Qe5 Qa3 47. Re2
Qxh3+ {White resigns} 0-1

[Event "Team 45 45 League T33"]
[Site "Internet Chess Club"]
[Date "2007.05.20"]
[Round "5"]
[White "WesleyCrusher"]
[Black "Gregorio"]
[Result "1/2-1/2"]
[WhiteElo "2068"]
[BlackElo "2152"]
[ECO "C78"]
[TimeControl "2700+45"]

1. e4 e5 2. Nf3 Nc6 3. Bb5 a6 4. Ba4 Nf6 5. O-O b5 6. Bb3 d6 7. Ng5 d5 8. exd5
Nd4 9. Re1 Bd6 10. c3 Nxb3 11. axb3 O-O 12. d4 Re8 13. dxe5 Bxe5 14. c4 h6 15.
Nf3 Bg4 16. Be3 Bxb2 17. Ra2 Be5 18. Nbd2 Bc3 19. Rf1 c6 20. dxc6 Qc7 21. Qc2
Bxd2 22. Nxd2 Qxc6 23. Rfa1 Be6 24. Qd3 bxc4 25. bxc4 Red8 26. Qc2 Nd7 27. Qa4
Qxa4 28. Rxa4 Nc5 29. R4a3 a5 30. h3 a4 31. Kf1 Bf5 32. Ke1 Nd3+ 33. Ke2 Nb2 34.
c5 Bd3+ 35. Kf3 Bb5 36. Rb1 Nc4 37. Nxc4 Bxc4 38. Rb6 Bd5+ 39. Kg3 Rdc8 40. Bd4
Rc6 41. Rxc6 Bxc6 42. Kf4 Kf8 43. f3 Rd8 44. Ke3 Rb8 45. Kd2 f6 {Game drawn by
mutual agreement} 1/2-1/2

[Event "Team 45 45 League T33"]
[Site "Internet Chess Club"]
[Date "2007.05.19"]
[Round "5"]
[White "Allessia"]
[Black "Milo"]
[Result "1/2-1/2"]
[WhiteElo "2279"]
[BlackElo "2485"]
[ECO "B26"]
[TimeControl "2700+45"]

1. e4 c5 2. Nc3 Nc6 3. g3 g6 4. Bg2 Bg7 5. d3 d6 6. Be3 e5 7. Qd2 Nge7 8. Nge2
Nd4 9. O-O O-O 10. a3 Be6 11. Nd5 Qd7 12. Rae1 Nxd5 13. exd5 Bh3 14. Bxh3 Qxh3
15. Bxd4 cxd4 16. c4 dxc3 17. bxc3 b5 18. Rb1 a6 19. Rb4 Qd7 20. a4 bxa4 21. Ra1
f5 22. f4 Qf7 23. Rbxa4 Qxd5 24. Qa2 Qxa2 25. R1xa2 exf4 26. gxf4 Rfc8 27. Rxa6
Rxa6 28. Rxa6 Bxc3 29. Rxd6 {Game drawn by mutual agreement} 1/2-1/2

[Event "Team 45 45 League T33"]
[Site "Internet Chess Club"]
[Date "2007.05.20"]
[Round "5"]
[White "jpitt"]
[Black "kostasgr"]
[Result "1-0"]
[WhiteElo "2319"]
[BlackElo "2120"]
[ECO "D43"]
[TimeControl "2700+45"]

1. d4 d5 2. c4 c6 3. Nf3 Nf6 4. Nc3 e6 5. g3 Nbd7 6. Bg2 dxc4 7. O-O b5 8. e4
Bb7 9. e5 Nd5 10. Ng5 h6 11. Nxe6 fxe6 12. Qh5+ Ke7 13. Ne4 Qe8 14. Bg5+ hxg5
15. Qxh8 Kd8 16. Nxg5 Qe7 17. Qh5 N7b6 18. Qg4 Bc8 19. b3 c3 20. a3 Kc7 21. Rfc1
a5 22. Ne4 b4 23. Nc5 Qf7 24. Be4 Bxc5 25. dxc5 Nd7 26. axb4 Rb8 27. Rxa5 Rxb4
28. Qe2 Rxb3 29. Bxd5 exd5 30. e6 Rb2 31. exf7 Rxe2 32. Ra7+ Bb7 33. Rxc3 Kb8
34. Ra4 Re7 35. Rf3 Nf8 36. Rh4 Ba6 37. Kg2 Be2 38. Re3 Rxf7 39. Rxe2 Nd7 40.
Rb4+ Kc7 41. Ra2 Kd8 42. Ra7 Ke7 43. Rb6 {Black resigns} 1-0

[Event "Team 45 45 League T33"]
[Site "Internet Chess Club"]
[Date "2007.05.22"]
[Round "5"]
[White "mala9"]
[Black "Zebbile"]
[Result "0-1"]
[WhiteElo "2139"]
[BlackElo "2116"]
[ECO "A11"]
[TimeControl "2700+45"]

1. c4 c6 2. g3 d5 3. Bg2 Nf6 4. Qc2 e5 5. d3 Bd6 6. Bg5 Nbd7 7. Nf3 O-O 8. O-O
h6 9. Bd2 Qe7 10. e3 Nb6 11. Re1 e4 12. dxe4 Qxe4 13. Qxe4 dxe4 14. Nd4 Nxc4 15.
Bc3 Re8 16. Nd2 Nxd2 17. Bxd2 Bd7 18. h3 c5 19. Nb3 b6 20. Bc3 Nd5 21. Rad1 Bc6
22. Rd2 Rad8 23. Red1 Bc7 24. Nc1 b5 25. a3 a5 26. Rc2 Nxc3 27. Rxd8 Rxd8 28.
Rxc3 Rd1+ 29. Kh2 Bd6 30. Rc2 b4 31. axb4 axb4 32. Ne2 g5 33. Rc1 Rd2 34. Nd4
cxd4 35. Rxc6 dxe3 36. fxe3 f5 37. Kg1 Bxg3 38. Rf6 Rd1+ 39. Bf1 f4 40. Kg2 Kg7
41. Re6 Rd2+ 42. Kg1 Bf2+ 43. Kh1 Bxe3 44. Rxe4 Rxb2 45. Re6 Rb1 46. Kg2 f3+ 47.
Kxf3 Rxf1+ 48. Ke2 Rf6 49. Rxe3 Rb6 50. Rb3 Kg6 51. Kf3 Kh5 {White resigns} 0-1

[Event "Team 45 45 League T33"]
[Site "Internet Chess Club"]
[Date "2007.05.20"]
[Round "5"]
[White "mint-tea"]
[Black "Ozgur-Bjk"]
[Result "0-1"]
[WhiteElo "1849"]
[BlackElo "2154"]
[ECO "D37"]
[TimeControl "2700+45"]

1. d4 d5 2. c4 e6 3. Nc3 Nf6 4. Nf3 Be7 5. g3 c6 6. Bg2 O-O 7. O-O Nbd7 8. b3 b6
9. Bb2 Bb7 10. Qd3 c5 11. cxd5 Nxd5 12. Nxd5 Bxd5 13. e4 Bb7 14. Rfd1 cxd4 15.
Qxd4 Nf6 16. Qe3 Qe8 17. Ne5 Rd8 18. Qe2 Bc5 19. Kh1 Qe7 20. f4 Rxd1+ 21. Rxd1
Rd8 22. Rxd8+ Qxd8 23. Ng4 Be7 24. Ne5 Qa8 25. f5 Nxe4 26. fxe6 fxe6 27. Ng4 Bc5
28. Nh6+ gxh6 29. Qg4+ Kf7 30. Qg7+ Ke8 31. Qg8+ Kd7 32. Qg7+ Be7 33. Qd4+ Nd6
34. Qa4+ b5 {White resigns} 0-1

[Event "Team 45 45 League T33"]
[Site "Internet Chess Club"]
[Date "2007.05.21"]
[Round "5"]
[White "Phoenix45"]
[Black "Sir-Knightly"]
[Result "0-1"]
[WhiteElo "2313"]
[BlackElo "2390"]
[ECO "D91"]
[TimeControl "2700+45"]

1. d4 Nf6 2. c4 g6 3. Nc3 d5 4. Nf3 Bg7 5. Bg5 Ne4 6. cxd5 Nxg5 7. Nxg5 e6 8.
Nf3 exd5 9. b4 Qd6 10. Qb3 Nc6 11. e3 O-O 12. b5 Ne7 13. Bd3 a6 14. Rc1 Bg4 15.
O-O Bxf3 16. gxf3 Rfc8 17. bxa6 bxa6 18. Na4 a5 19. Rc5 Kh8 20. Rfc1 f5 21. Qc2
Qf6 22. Qe2 f4 23. Rxc7 Rxc7 24. Rxc7 Nf5 25. Bxf5 gxf5 26. Nc3 Rg8 27. Kf1 Bf8
28. Nxd5 Qg6 29. Ke1 fxe3 30. fxe3 Qg1+ 31. Qf1 Bb4+ 32. Nxb4 Qxe3+ 33. Kd1 Rg1
34. Rc8+ Kg7 35. Rc7+ Kh6 36. Rc6+ Kh5 {White resigns} 0-1

[Event "Team 45 45 League T33"]
[Site "Internet Chess Club"]
[Date "2007.05.20"]
[Round "5"]
[White "SpikeyJ"]
[Black "izit"]
[Result "0-1"]
[WhiteElo "2034"]
[BlackElo "2116"]
[ECO "A15"]
[TimeControl "2700+45"]

1. c4 Nf6 2. g3 g6 3. Nc3 Bg7 4. Bg2 O-O 5. d3 d6 6. Bg5 c5 7. Qd2 Re8 8. Nf3
Nc6 9. O-O Rb8 10. Rad1 Nd7 11. h4 a6 12. Ne1 Nde5 13. Nc2 Bd7 14. Bh6 Bh8 15.
Ne3 Nd4 16. Ncd5 b5 17. f4 Ng4 18. Nxg4 Bxg4 19. Rde1 Nf5 20. e4 Bd4+ 21. Kh2
Nxh6 22. f5 Kg7 23. Bh3 bxc4 {White resigns} 0-1

[Event "Team 45 45 League T33"]
[Site "Internet Chess Club"]
[Date "2007.05.19"]
[Round "5"]
[White "jonesey"]
[Black "Pawnster"]
[Result "0-1"]
[WhiteElo "1964"]
[BlackElo "2187"]
[ECO "C14"]
[TimeControl "2700+45"]

1. e4 e6 2. d4 d5 3. Nc3 Nf6 4. Bg5 Be7 5. e5 Nfd7 6. Bxe7 Qxe7 7. Nf3 O-O 8.
Be2 c5 9. O-O Nc6 10. Bb5 cxd4 11. Nxd4 Ndxe5 12. f4 Nxd4 13. fxe5 Qc5 14. Bd3
Nxc2+ 15. Kh1 Nxa1 16. Bxh7+ Kxh7 17. Qh5+ Kg8 18. Rf3 Qc4 19. Kg1 Qd4+ 20. Kf1
b6 {White resigns} 0-1

[Event "Team 45 45 League T33"]
[Site "Internet Chess Club"]
[Date "2007.05.20"]
[Round "5"]
[White "k009ris"]
[Black "KingDestroyer"]
[Result "1-0"]
[WhiteElo "2266"]
[BlackElo "2138"]
[ECO "B43"]
[TimeControl "2700+45"]

1. e4 c5 2. Nf3 e6 3. d4 cxd4 4. Nxd4 a6 5. Nc3 Qc7 6. Bd3 Nf6 7. O-O h5 8. h3
Bc5 9. Nb3 Ba7 10. Qe2 Nc6 11. Be3 b5 12. Bxa7 Rxa7 13. f4 d6 14. Rae1 b4 15.
Nd1 Qb6+ 16. Qe3 Qxe3+ 17. Nxe3 a5 18. Nc4 Ke7 19. e5 dxe5 20. fxe5 Nd5 21. Nd6
f5 22. Bb5 Bd7 23. Nc5 Nb8 24. a4 Rc7 25. Nxd7 Nxd7 26. Rf2 g5 27. Rd2 N7b6 28.
Kh2 h4 29. Kh1 Rg8 30. Kh2 Nf4 31. Kh1 g4 32. hxg4 Rxg4 33. Kh2 Nbd5 34. Bc4 Nb6
35. Bb5 Ng6 36. Ree2 Nd5 37. Re1 Ndf4 38. Nc4 Nd5 39. Nxa5 Rc8 40. Nc6+ Kf7 41.
a5 Ngf4 42. a6 Rcg8 43. a7 h3 44. g3 Nh5 45. Be2 R4g5 46. Bxh5+ Rxh5 47. Rxd5
exd5 48. Nb8 f4 49. Rf1 {Black resigns} 1-0